 Dungeon Crawl Stone Soup version 0.22-a0-231-g1b571ea (webtiles) character file.

32 Amnesiac the Charlatan (level 3, -11/18 HPs)
             Began as a Spriggan Artificer on Feb 20, 2018.
             Killed themself with a badly aimed fireball (17 damage)
             ... on level 4 of the Dungeon.
             The game lasted 00:01:16 (445 turns).

Amnesiac the Charlatan (Spriggan Artificer)          Turns: 445, Time: 00:01:17

Health: -11/18     AC:  0    Str:  9    XL:     3   Next: 8%
Magic:  7/7        EV: 19    Int: 12    God:
Gold:   28         SH:  0    Dex: 16    Spells: 2/2 levels left

rFire    . . .     SeeInvis +   a - +0 short sword
rCold    . . .     Gourm    .   (shield restricted)
rNeg     . . .     Faith    .   k - -2 robe (curse)
rPois    .         Spirit   .   (helmet restricted)
rElec    .         Reflect  .   (no cloak)
rCorr    .         Harm     .   (gloves unavailable)
MR       .....                  (boots unavailable)
Stlth    ++........             (no amulet)
HPRegen  0.06/turn              h - -2 ring of slaying (curse)
MPRegen  0.10/turn              (no ring)

@: very quick
A: very small, unfitting armour, see invisible, herbivore, speed 3, slow
metabolism 2
a: no special abilities


You were on level 4 of the Dungeon.
You were not hungry.

You visited 1 branch of the dungeon, and saw 4 of its levels.

You collected 28 gold pieces.

Inventory:

Hand Weapons
 a - a +0 short sword (weapon)
Armour
 b - a +1 robe
 k - a cursed -2 robe (worn)
Jewellery
 h - a cursed -2 ring of slaying (left hand)
Wands
 c - a wand of flame (15)
 d - a wand of enslavement (15)
 e - a wand of random effects (9)
Potions
 i - a potion of lignification {!q}
Comestibles
 f - 3 rations


   Skills:
 + Level 1.3 Fighting
 - Level 1.1 Short Blades
 + Level 3.6 Dodging
 - Level 1.5 Stealth
 * Level 4.9 Evocations


You had 2 spell levels left.
You didn't know any spells.

Dungeon Overview and Level Annotations

Branches:
Dungeon (4/15)
 Temple: D:4-7

Altars:
Ashenzari
Fedhas


Innate Abilities, Weirdness & Mutations

You are very small and have problems with some larger weapons.
You are too small for most types of armour.
You have supernaturally acute eyesight. (SInv)
You are a herbivore.
You cover ground extremely quickly.
You need consume almost no food.


Message History

i - a potion of lignification {!q}
Found an escape hatch in the floor.
A bat comes into view.
The bat misses you. The bat hits you. The bat closely misses you.
There is an escape hatch in the floor here.
The bat misses you.
You slide downwards.
The hatch slams shut behind you.
A hound and a skeleton come into view.
The hound barks!
You hear an angry hiss.
There are monsters nearby!
Found a stone staircase leading up.
Found a stone staircase leading down.
Evoke which item? (* to show all) (? for menu, Esc to quit)
Aiming: Random Effects
Press: ? - help, Shift-Dir - straight line, f - hound
Aim: a hound The hound seems to speed up.
Evoke which item? (* to show all) (? for menu, Esc to quit)
Aiming: Random Effects
Press: ? - help, Shift-Dir - straight line, f/p - hound
Aim: a hound (fast)
The hound flickers and vanishes for a moment.
The hound barely misses you. x2
Evoke which item? (* to show all) (? for menu, Esc to quit)
Aiming: Random Effects
Press: ? - help, Shift-Dir - straight line, f/p - hound
Aim: a hound (fast, slightly transparent)
The hound seems to slow down.
The hound closely misses you. The hound barely misses you.
Evoke which item? (* to show all) (? for menu, Esc to quit)
Aiming: Random Effects
Press: ? - help, Shift-Dir - straight line, f/p - hound
Aim: a hound (fast+slow, slightly transparent) Nothing appears to happen.
The hound bites you.
Evoke which item? (* to show all) (? for menu, Esc to quit)
Aiming: Random Effects
Press: ? - help, Shift-Dir - straight line, f/p - hound
Aim: a hound (fast+slow, slightly transparent)
The hound looks slightly unstable.
The hound bites you.
* * * LOW HITPOINT WARNING * * *
The hound misses you.
Evoke which item? (* to show all) (? for menu, Esc to quit)
Aiming: Random Effects
Press: ? - help, Shift-Dir - straight line, f/p - hound
Aim: a hound (fast+slow, slightly transparent) Nothing appears to happen.
The hound misses you. The hound closely misses you.
A worker ant comes into view.
Evoke which item? (* to show all) (? for menu, Esc to quit)
Aiming: Random Effects
Press: ? - help, Shift-Dir - straight line, f/p - hound
Aim: a hound (fast+slow, slightly transparent)
The fireball explodes!
The fireball engulfs the hound.
You kill the hound!
Your Fighting skill increases to level 1!
You have reached level 2!
You have reached level 3!
Your experience leads to an increase in your attributes!
Increase (S)trength, (I)ntelligence, or (D)exterity?
You feel stronger. The fireball engulfs you!
Ouch! That really hurt!
You die...

#>. #.# #<#
#.# ##.##
... #.# #@#
#.# #.#
##.#####.#.#
#..........#
#..#####.###
# #.# #a.
....


You could see a worker ant.

Vanquished Creatures
  A hound (D:4)
  A goblin (D:1)
  A hobgoblin (D:1)
3 creatures vanquished.

Notes
Turn   | Place    | Note
-------+----------+-------------------------------------------
     0 | D:1      | Amnesiac the Spriggan Artificer began the quest for the Orb.
     0 | D:1      | Reached XP level 1. HP: 9/9 MP: 4/4
   126 | D:1      | Found a shattered altar of Ashenzari.
   376 | D:2      | Found a blossoming altar of Fedhas.
   434 | D:4      | Noticed a hound
   445 | D:4      | Noticed a worker ant
   445 | D:4      | Killed a hound
   445 | D:4      | Reached skill level 1 in Fighting
   445 | D:4      | Reached XP level 2. HP: 4/14 MP: 6/6
   445 | D:4      | Reached XP level 3. HP: 6/18 MP: 7/7
   445 | D:4      | Killed themself with a badly aimed fireball

Vault maps used:
D:1:      ncdulo_halloftheorcs, evilmike_ruin_ashenzari
D:2:      fedhas_altar_3, moated_statue
D:3:      overflow_temple_1_default, nicolae_overflow_hidden_temple,
          portal_sewer_entry_d, hangedman_decor_riveting,
          minmay_strange_pillars, uniq_robin, uniq_terence
D:4:      uniq_crazy_yiuf_cottage, uniq_eustachio

Skill      XL: |  1 |
---------------+----+-----
Fighting       | 1 |  1.3
Short Blades   | |  1.1
Dodging        | |  3.6
Stealth        | |  1.5
Evocations     | |  4.9

Action                   || total
-------------------------++-------
Melee: Short sword       ||     4
Evoke: Wand              ||     6
  Use: Scroll            ||     3
 Stab: Sleeping          ||     1
Armor: Robe              ||     1
Dodge: Dodged            ||    13

Table legend:
 A = Spawn XP
 B = Non-spawn XP
 C = Spawn XP percentage of total XP
 D = Spawn monster count
 E = Non-spawn monster count
 F = Spawn count percentage of total count
 G = Total turns spent on level
                    A         B        C        D         E        F      G
               +---------+---------+-------+---------+---------+-------+---------
         Total |       0 |      46 |   0.0 |       0 |       3 |   0.0 |   445
               +---------+---------+-------+---------+---------+-------+---------
           D:1 |       0 |       4 |   0.0 |       0 |       2 |   0.0 |   161
           D:4 |       0 |      42 |   0.0 |       0 |       1 |   0.0 |    13
               +---------+---------+-------+---------+---------+-------+---------
